 Dungeon Crawl Stone Soup version 0.29.0-4-gdea44cf6ec (webtiles) character file.

Game seed: 8927571116404206511

111 qw the Chopper (level 4, -2/26 HPs)
             Began as a Tengu Warper on Aug 28, 2022.
             Killed by nerve-wracking pain
             ... invoked by Grinder
              (14 damage)
             ... on level 3 of the Dungeon.
             The game lasted 00:00:16 (2759 turns).

qw the Chopper (Tengu Warper)                       Turns: 2759, Time: 00:00:17

Health: -2/26      AC:  6    Str: 14    XL:     4   Next: 92%
Magic:  8/8        EV:  9    Int: 13    God:
Gold:   13         SH:  5    Dex: 13    Spells: 7/7 levels left

rFire   . . .      SeeInvis .   Y - +0 hand axe
rCold   . . .      Faith    .   (no shield)
rNeg    . . .      Spirit   .   j - +0 scale mail
rPois   .          Reflect  +   (helmet restricted)
rElec   .          Harm     .   (no cloak)
rCorr   .          Rampage  .   (no gloves)
Will    .....                   (boots unavailable)
Stlth   ..........              k - amulet of reflection
HPRegen 0.08/turn               (no ring)
MPRegen 0.11/turn               (no ring)

@: no status effects
A: beak, talons 3
a: no special abilities


You were on level 3 of the Dungeon.
You visited 1 branch of the dungeon, and saw 3 of its levels.

You collected 57 gold pieces.
You spent 44 gold pieces at shops.


Innate Abilities, Weirdness & Mutations

You have a beak for a mouth.
You have claws for feet.


   Skills:
 - Level 2.0 Fighting
 + Level 5.4 Axes
 - Level 1.0 Throwing
 - Level 1.1 Armour
 - Level 2.1 Dodging
 - Level 2.0 Spellcasting
 - Level 2.4 Translocations


You had 7 spell levels left.
You didn't know any spells.
Your spell library contained the following spells:

 Spells                   Type           Power      Damage    Failure   Level
 Blink                    Tloc           14%        N/A       54%         2
 Gell's Gravitas          Tloc           7%         N/A       77%         3
 Lesser Beckoning         Tloc           7%         N/A       77%         3
 Teleport Other           Tloc           7%         N/A       77%         3
 Manifold Assault         Tloc           7%         N/A       100%        5

Inventory:

Hand Weapons
 l - a +0 mace
 Y - a +0 hand axe (weapon)
Armour
 j - a +0 scale mail (worn)
Jewellery
 k - an amulet of reflection (around neck)
Scrolls
 m - 2 scrolls of identify
Potions
 a - a potion of might
 b - a potion of haste {unknown}
 c - a potion of flight {unknown}
 d - a potion of berserk rage {unknown}
 e - a potion of lignification {unknown}
 f - a potion of brilliance {unknown}
 g - a potion of curing
 i - a potion of cancellation {unknown}

Dungeon Overview and Level Annotations

Branches:
Dungeon (3/15)

Altars:
Ashenzari

Shops:
D:2 !

Annotations:
D:3 Grinder


Message History

The goblin hits you with a +0 dagger.
You hit the goblin.
You kill the goblin!
You hit the hobgoblin.
The hobgoblin is almost dead.
The hobgoblin misses you.
You hit the hobgoblin but do no damage. You peck the hobgoblin.
You kill the hobgoblin!
Found an escape hatch in the floor.
Grinder blinks!
Things that are here:
a +0 dagger; a goblin corpse Grinder says, "Tell me all your secrets, or I'll kill you."
Grinder hits you.
You barely miss Grinder. You claw Grinder, but do no damage. You peck Grinder.
Grinder is lightly wounded.
Grinder hits you.
You writhe in agony.
You barely miss Grinder. You claw Grinder.
Grinder is lightly wounded.
Grinder blinks!
2750 ||| FLEEEEING.
2751 ||| FLEEEEING.
2752 ||| FLEEEEING.
Grinder blinks!
You hit Grinder. You peck Grinder.
Grinder is moderately wounded.
Grinder blinks!
There is a shaft here.
You hit Grinder but do no damage.
Grinder is moderately wounded.
Grinder hits you.
You writhe in agony.
You barely miss Grinder.
Grinder is moderately wounded.
You block Grinder's attack.
You closely miss Grinder.
Grinder is moderately wounded.
Grinder gestures at you. Pain shoots through your body!
Ouch! That really hurt!
You die...

#............#
##....#.......#
......####.#.###
....#.####.#...######
.#..................#
....#......###%..##... .
...........# #...## .....
....#...##.####.5.## ...?.
......#.........@..# .>....
........#######....##....!.
. ...# #.$$..#.....#......
. #. #$$.$.#............ .
.$_..#.........### .
!.$.$#...)....## .
.....#.....$..# .
##+###.#?.....# .
..!....###.##.#


You could see Grinder.

Vanquished Creatures
  Robin (D:3)
  2 adders
  2 worms (D:2)
  2 dart slugs
  An orc (D:3)
  5 endoplasms
  11 goblins
  8 hobgoblins
  4 jackals (D:1)
  4 quokkas
  6 ball pythons
  5 bats
  2 frilled lizards
  6 kobolds
  4 rats
63 creatures vanquished.

Vanquished Creatures (others)
  2 fungi (D:2)
  2 plants (D:2)
4 creatures vanquished.

Grand Total: 67 creatures vanquished

Notes
Turn   | Place    | Note
-------+----------+-------------------------------------------
     0 | D:1      | qw the Tengu Warper began the quest for the Orb.
     0 | D:1      | Reached XP level 1. HP: 12/12 MP: 4/4
     0 | D:1      | 0 ||| qw: Version: 0.1-a-89-g26bdef1
     0 | D:1      | 0 ||| qw: Game counter: 3126
     0 | D:1      | 0 ||| qw: Always use a shield: true
     0 | D:1      | 0 ||| qw: God list: Okawaru
     0 | D:1      | 0 ||| qw: Allow faded altars: false
     0 | D:1      | 0 ||| qw: Do Orc after D:15 true
     0 | D:1      | 0 ||| qw: Do second Lair branch before Depths: true
     0 | D:1      | 0 ||| qw: Lair rune preference: random
     0 | D:1      | 0 ||| qw: Plans: Normal
     0 | D:1      | 0 ||| PLANNING D:1-11
    55 | D:1      | 55 ||| Stepping ~*~*~tactically~*~*~ (stealth).
    56 | D:1      | 56 ||| Stepping ~*~*~tactically~*~*~ (stealth).
   191 | D:1      | 191 ||| Stepping ~*~*~tactically~*~*~ (stealth).
   192 | D:1      | 192 ||| Stepping ~*~*~tactically~*~*~ (stealth).
   194 | D:1      | 194 ||| Stepping ~*~*~tactically~*~*~ (stealth).
   195 | D:1      | 195 ||| Stepping ~*~*~tactically~*~*~ (stealth).
   200 | D:1      | Reached XP level 2. HP: 17/17 MP: 6/6
   207 | D:1      | Reached skill level 3 in Axes
   746 | D:1      | 746 ||| Stepping ~*~*~tactically~*~*~ (stealth).
   751 | D:1      | 751 ||| Stepping ~*~*~tactically~*~*~ (stealth).
  1026 | D:1      | 1026 ||| Stepping ~*~*~tactically~*~*~ (stealth).
  1033 | D:1      | Reached XP level 3. HP: 21/21 MP: 7/7
  1343 | D:1      | 1343 ||| UPGRADING to +0 scale mail.
  1353 | D:1      | 1353 ||| DROPPING +0 leather armour.
  1354 | D:1      | 1354 ||| READING scroll labelled QOETEO ILOI.
  1355 | D:1      | 1355 ||| DROPPING scroll of blinking.
  1410 | D:2      | Reached skill level 4 in Axes
  1580 | D:2      | 1580 ||| Stepping ~*~*~tactically~*~*~ (stealth).
  1689 | D:2      | 1689 ||| DROPPING +0 club.
  1714 | D:2      | 1714 ||| FLEEEEING.
  1715 | D:2      | 1715 ||| FLEEEEING.
  1716 | D:2      | 1716 ||| FLEEEEING.
  1717 | D:2      | 1717 ||| STAIRDANCE
  1811 | D:1      | 1811 ||| UPGRADING to amulet of reflection.
  1816 | D:1      | 1816 ||| READING scroll labelled YRRICL OLAM.
  1817 | D:1      | 1817 ||| READING scroll labelled MUEMUC SERONU.
  1820 | D:1      | 1820 ||| DRINKING 2 clear potions.
  1856 | D:2      | Found Motorunu's Distillery.
  1864 | D:2      | 1864 ||| SHOPLISTING potion of haste (110 gold, have 47).
  1864 | D:2      | 1864 ||| SHOPLISTING potion of heal wounds (55 gold, have
                  | 47).
  1864 | D:2      | 1864 ||| BUYING potion of might (44 gold).
  1864 | D:2      | Bought a potion of might for 44 gold pieces
  1864 | D:2      | 1864 ||| SHOPLISTING potion of mutation (88 gold, have 3).
  1864 | D:2      | 1864 ||| SHOPLISTING potion of resistance (110 gold, have
                  | 3).
  1877 | D:2      | Reached XP level 4. HP: 24/26 MP: 8/8
  1934 | D:2      | Found a faded altar of an unknown god.
  2061 | D:2      | 2061 ||| Stepping ~*~*~tactically~*~*~ (hiding).
  2064 | D:2      | 2064 ||| Stepping ~*~*~tactically~*~*~ (hiding).
  2349 | D:2      | 2349 ||| READING scroll labelled ZIPHOKLE KIUDA.
  2350 | D:2      | 2350 ||| READING scroll labelled HORO KAESTEFI.
  2423 | D:3      | Noticed Robin
  2432 | D:3      | Killed Robin
  2433 | D:3      | Reached skill level 5 in Axes
  2711 | D:3      | 2711 ||| Stepping ~*~*~tactically~*~*~ (hiding).
  2724 | D:3      | Found a broken altar of Ashenzari.
  2739 | D:3      | 2739 ||| Stepping ~*~*~tactically~*~*~ (stealth).
  2741 | D:3      | Noticed Grinder
  2750 | D:3      | 2750 ||| FLEEEEING.
  2751 | D:3      | 2751 ||| FLEEEEING.
  2752 | D:3      | 2752 ||| FLEEEEING.
  2759 | D:3      | Killed from afar by Grinder

Levels and vault maps discovered:
D:1:      lightli_arrival_chessboard, layout_basic
D:2:      layout_basic, serial_shops, nicolae_shop_statue_plus,
          shapermc_ecumenical_altar_mp_urbaneastern, st_stairs_6
D:3:      layout_rooms, amcnicky_altar_gilded, uniq_robin, uniq_grinder

Skill      XL: |  1  2  3  4 |
---------------+-------------+-----
Axes           | 3 4 5 |  5.4
Fighting       | |  2.0
Throwing       | |  1.0
Armour         | |  1.1
Dodging        | |  2.1
Spellcasting   | |  2.0
Translocations | |  2.4

Action                   |  1- 3 |  4- 6 || total
-------------------------+-------+-------++-------
Melee: Hand axe          |    95 |    53 ||   148
       Peck              |    13 |     9 ||    22
       Kick              |    20 |    12 ||    32
       Punch             |     1 |     1 ||     2
Throw: Boomerang         |     7 |       ||     7
  Use: Scroll            |     3 |     2 ||     5
       Potion            |     1 |       ||     1
Armor: Leather armour    |    25 |       ||    25
       Scale mail        |    13 |    11 ||    24
Dodge: Dodged            |    63 |    20 ||    83
Block: Other             |       |     7 ||     7

Table legend:
 A = Non-vault XP
 B = Vault XP
 C = Vault XP percentage of total XP
 D = Non-vault monster count
 E = Vault monster count
 F = Vault count percentage of total count
                 A         B        C        D         E       F
            +---------+---------+-------+---------+---------+-------
      Total |     119 |      40 |  25.2 |      50 |      13 |  20.6
            +---------+---------+-------+---------+---------+-------
        D:1 |      42 |       0 |   0.0 |      25 |       0 |   0.0
        D:2 |      47 |       2 |   4.1 |      17 |       1 |   5.6
        D:3 |      30 |      38 |  55.9 |       8 |      12 |  60.0
            +---------+---------+-------+---------+---------+-------
